 Dungeon Crawl Stone Soup version 0.26.1-10-gdfb7c7de75 (webtiles) character file.

Game seed: 12866950565388742869

599 Tirrikindir the Sneak (level 7, 0/45 HPs)
             Began as an Octopode Brigand on Apr 7, 2021.
             Was an Initiate of Ashenzari.
             Slain by an orc warrior
             ... wielding a +0 war axe
              (21 damage)
             ... on level 5 of the Dungeon.
             The game lasted 00:08:39 (3987 turns).

Tirrikindir the Sneak (Octopode Brigand)            Turns: 3987, Time: 00:08:39

Health: 0/45       AC:  1    Str: 12    XL:     7   Next: 41%
Magic:  7/7        EV: 14    Int: 14    God:    Ashenzari [......]
Gold:   302        SH:  0    Dex: 13    Spells: 6/6 levels left

rFire    . . .     SeeInvis .   v - +1 scimitar
rCold    . . .     Faith    .   (no shield)
rNeg     + . .     Spirit   .   (helmet restricted)
rPois    +         Reflect  .   (no amulet)
rElec    .         Harm     .   d - ring of poison resistance
rCorr    .         Rampage  .   p - ring of positive energy
Will     .....                  r - ring of stealth
Stlth    +++++.....             (no ring)
HPRegen  0.15/turn              (no ring)
MPRegen  0.10/turn              (no ring)
                                (no ring)
                                (no ring)

@: no status effects
A: almost no armour, stealthy swim, amphibious, 8 rings, constrict 8, camouflage
1, gelatinous body 1
a: Renounce Religion, Curse Item


You were on level 5 of the Dungeon.
You worshipped Ashenzari.
Ashenzari was noncommittal.
You visited 2 branches of the dungeon, and saw 6 of its levels.

You collected 302 gold pieces.

Inventory:

Hand Weapons
 a - a +3 dagger
 v - a +1 scimitar (weapon)
Missiles
 b - 25 poisoned darts
 c - 2 curare-tipped darts
 g - 8 boomerangs (quivered)
Jewellery
 d - a ring of poison resistance (left tentacle)
 p - a ring of positive energy (right tentacle)
 r - a ring of stealth (on tentacle)
Wands
 m - a wand of digging (14)
 o - a wand of iceblast (10)
 s - a wand of acid (5)
Scrolls
 h - 5 scrolls of identify
 j - 3 scrolls of amnesia
 k - 2 scrolls of fear
 t - a scroll of teleportation
 u - 3 scrolls of blinking {unknown}
Potions
 e - a potion of resistance
 f - 3 potions of curing
 i - a potion of berserk rage
 l - a potion of might
 n - a potion of lignification


   Skills:
 - Level 2.0 Fighting
 - Level 2.0(3.5) Short Blades
 * Level 4.6(4.8) Long Blades
 + Level 3.8 Throwing
 - Level 3.0 Dodging
 + Level 7.2 Stealth
 + Level 2.0 Evocations


You had 6 spell levels left.
You didn't know any spells.
Your spell library contained the following spells:

 Spells                   Type           Power        Failure   Level
 Corona                   Hex            0%           28%         1
 Ensorcelled Hibernation  Hex/Ice        0%           41%         2
 Confusing Touch          Hex            0%           65%         3
 Dazzling Flash           Conj/Hex       0%           65%         3
 Tukima's Dance           Hex            0%           65%         3


Dungeon Overview and Level Annotations

Branches:
Dungeon (5/15)             Temple (1/1) D:4

Altars:
Ashenzari
Cheibriados
Dithmenos
Elyvilon
Ru
Sif Muna
Uskayaw
Vehumet
Xom
Zin
The Shining One


Innate Abilities, Weirdness & Mutations

You cannot wear most types of armour.
You are very stealthy in the water. (Stealth+)
You are amphibious.
You can wear up to eight rings at the same time.
You can use your tentacles to constrict eight enemies at once.
Your skin changes colour to match your surroundings (Stealth+).
Your rubbery body absorbs attacks. (AC +1, EV +1)


Message History

You grab the orc priest.
You constrict the orc priest, but do no damage.
The orc priest hits you with a +0 war axe!
You hit the orc priest.
You squeeze the orc priest, but do no damage.
The orc priest is moderately wounded.
You constrict the orc priest, but do no damage.
The orc priest hits you with a +0 war axe!
You release your grip on the orc priest.
You barely miss the orc priest. Your grab misses the orc priest.
Your squeeze misses the orc priest.
The orc priest is moderately wounded.
The orc priest barely misses you.
You riposte.
You slash the orc priest!
You kill the orc priest!
Your Evocations skill increases to level 2!
You hit the orc warrior. Your grab misses the orc warrior.
You squeeze the orc warrior.
The orc warrior is lightly wounded.
The orc warrior hits you with a +0 war axe!!
You die...

#...#. ...... ....#.### .......#
.# .. ###.#...# ####.##...
........# #......... ### #.##.o#
#.##.#..## #<#
#.###o######......... ## #.#
#.##@......#......... ... #.#
#.##.......#......[.. ..# #.#
#.##................. #.# #
#.####.##.......##........ #.#.#
#......####.########.#..#. #.#.#
#######......#######.#..+.
....#.........................##.
..# .########......##.......###.
#.###.# ...........#.......# #.


You could see an orc warrior and an orc.

Vanquished Creatures
  A phantom (D:5)
  An orc priest (D:5)
  2 bullfrog skeletons (D:4)
  5 orc wizards
  Jessica (D:2)
  An iguana (D:3)
  Natasha (D:3)
  A worker ant (D:4)
  A howler monkey zombie (D:5)
  10 adders
  An ooze (D:3)
  2 worms
  A dart slug (D:2)
  A leopard gecko (D:2)
  12 orcs
  6 giant cockroaches
  5 goblins
  4 hobgoblins
  4 jackals (D:2)
  5 kobolds
  4 bats
  10 frilled lizards
  A leopard gecko skeleton (D:4)
  A quokka skeleton (D:5)
  7 rats
88 creatures vanquished.

Notes
Turn   | Place    | Note
-------+----------+-------------------------------------------
     0 | D:1      | Tirrikindir the Octopode Brigand began the quest for the
                  | Orb.
     0 | D:1      | Reached XP level 1. HP: 14/14 MP: 1/1
   253 | D:1      | Reached XP level 2. HP: 17/19 MP: 2/2
   326 | D:1      | Reached skill level 1 in Long Blades
   746 | D:2      | Noticed Jessica
   749 | D:2      | Killed Jessica
   750 | D:2      | Reached XP level 3. HP: 24/24 MP: 3/3
   875 | D:2      | Reached XP level 4. HP: 24/29 MP: 4/4
   933 | D:2      | Found a shimmering blue altar of Sif Muna.
   933 | D:2      | Found a broken altar of Ashenzari.
   947 | D:2      | Became a worshipper of Ashenzari the Shackled
  1387 | D:3      | Reached skill level 6 in Stealth
  1526 | D:3      | Reached XP level 5. HP: 31/34 MP: 5/5
  1563 | D:3      | Noticed Natasha
  1566 | D:3      | Killed Natasha
  1986 | D:3      | Reached XP level 6. HP: 27/39 MP: 6/6
  2828 | D:4      | Reached skill level 1 in Evocations
  3004 | D:4      | Reached XP level 7. HP: 11/45 MP: 7/7
  3392 | D:4      | Found a staircase to the Ecumenical Temple.
  3401 | Temple   | Entered the Ecumenical Temple
  3574 | D:4      | Reached skill level 7 in Stealth
  3624 | D:5      | Entered Level 5 of the Dungeon
  3987 | D:5      | Slain by an orc warrior

Illustrated notes

Levels and vault maps discovered:
D:1:      lightli_arrival_maybe_door_vault, layout_loops_ring
D:2:      layout_rooms, minitemple, uniq_jessica
D:3:      layout_basic, uniq_natasha
D:4:      layout_rooms, temple_fountains
D:5:      layout_basic, nicolae_overflow_quartered_altars
Temple:   nicolae_temple_figure_zero

Skill      XL: |  1  2  3  4  5  6  7 |
---------------+----------------------+-----
Long Blades    | 1 2 3 4 |  4.6
Dodging        | 2 3 |  3.0
Stealth        | 6 7 |  7.2
Throwing       | 3 |  3.8
Evocations     | 1 2 |  2.0
Fighting       | |  2.0
Short Blades   | |  2.0

Action                   |  1- 3 |  4- 6 |  7- 9 || total
-------------------------+-------+-------+-------++-------
Melee: Dagger            |    34 |   127 |    23 ||   184
       Constrict         |     9 |    31 |     5 ||    45
       Tentacles         |     5 |    28 |     5 ||    38
       Scimitar          |       |       |     7 ||     7
Throw: Dart              |       |    15 |       ||    15
       Boomerang         |       |       |     5 ||     5
Invok: Curse Item        |       |       |     1 ||     1
Evoke: Wand              |       |       |     3 ||     3
  Use: Scroll            |     7 |     6 |     2 ||    15
       Potion            |       |     3 |     1 ||     4
 Stab: Sleeping          |     7 |    10 |     1 ||    18
       Distracted        |       |     1 |       ||     1
Armor: Skin              |     2 |     7 |     1 ||    10
Dodge: Dodged            |    20 |    75 |     9 ||   104
       Rpst.: Scimitar   |       |       |     1 ||     1
